 Dungeon Crawl Stone Soup version 0.31.0-12-g77e489cdc1 (webtiles) character file.

Game seed: 1329501692118746819

185605 Smegmus the Warrior (level 17, -14/247 HPs)
             Began as a Minotaur Berserker on Feb 27, 2024.
             Was a High Priest of Trog.
             Killed from afar by an ironbound thunderhulk (27 damage)
             ... with a bolt of lightning
             ... on level 2 of the Vaults on Feb 29, 2024.
             The game lasted 03:42:36 (30763 turns).

Smegmus the Warrior (Minotaur Berserker)           Turns: 30763, Time: 03:42:39

Health: -14/247    AC: 29    Str: 29    XL:     17   Next: 81%
Magic:  16/16      EV: 24    Int:  4    God:    Trog [*****.]
Gold:   1615       SH:  5    Dex: 20    Spells: 16/16 levels left

rFire   + + +        V - +8 whip "Snakebite" {venom, curare, rPois}
rCold   + . .        (no shield)
rNeg    + . .        y - +7 Kryia's mail coat {PotionHeal*2 rC+}
rPois   +            S - +2 hat
rElec   .            N - +1 cloak of Starlight {*Dazzle EV+4 Stlth--}
rCorr   .            Y - +1 pair of gloves "Wayca" {*Slow +Inv rF++ Dex+3}
SInv    +            m - +2 pair of boots
Will    +....        n - amulet of reflection Stlth
                     E - ring "Titiat" {rF+ rN+ Str+6 SInv}
HPRegen 0.61/turn    w - ring "Yreful" {rF+ Slay+4 SInv Stlth+}
MPRegen 0.15/turn

%: slow self (1%), reflection
@: berserking (expiring), marked, very quick
A: horns 2, retaliatory headbutt
a: Renounce Religion, Evoke Invisibility, Berserk, Trog's Hand, Brothers in Arms


You were on level 2 of the Vaults.
You worshipped Trog.
Trog was extremely pleased with you.
You visited 4 branches of the dungeon, and saw 24 of its levels.
You also visited: Sewer.

You collected 2483 gold pieces.
You spent 868 gold pieces at shops.

Inventory:

Hand Weapons
 o - the +2 morningstar "Fydapeom" {flame, rC++}
   (Trog gifted it to you on level 11 of the Dungeon)

   rC++:      It greatly protects you from cold.
 G - a +3 hand axe of freezing
 K - a +6 antimagic spear
 V - the +8 whip "Snakebite" (weapon) {venom, curare, rPois}
   (You found it on level 1 of the Lair of Beasts)

   rPois:     It protects you from poison
Missiles
 c - 16 poisoned darts (quivered)
 g - 176 stones
Armour
 m - a +2 pair of boots (worn)
 v - a +0 buckler
 y - the +7 Kryia's mail coat (worn) {PotionHeal*2 rC+}
   (You found it on level 3 of the Dungeon)

   PotionHeal*2: Potions heal its wearer twice as much.
   rC+:       It protects you from cold.
 N - the +1 cloak of Starlight (worn) {*Dazzle EV+4 Stlth--}
   (You found it on level 5 of the Lair of Beasts)

   *Dazzle:   It may blind those who miss an attack against the wearer in melee
   combat.
   EV+4:      It affects your evasion (+4).
   Stlth--:   It makes you much less stealthy.
 S - a +2 hat (worn)
 Y - the +1 pair of gloves "Wayca" (worn) {*Slow +Inv rF++ Dex+3}
   (You found it on level 2 of the Lair of Beasts)

   Dex+3:     It affects your dexterity (+3).
   rF++:      It greatly protects you from fire.
   +Inv:      It lets you turn invisible.
   *Slow:     It may slow you when you take damage.
Jewellery
 j - a ring of see invisible
 n - an amulet of reflection (around neck)
 p - a ring of resist corrosion
 t - a ring of poison resistance
 w - the ring "Yreful" (right hand) {rF+ Slay+4 SInv Stlth+}
   (You took it off an orc knight on level 11 of the Dungeon)

   [ring of slaying]

   Slay+4:    It affects your accuracy & damage with ranged weapons and melee
   (+4).
   rF+:       It protects you from fire.
   SInv:      It lets you see invisible.
   Stlth+:    It makes you more stealthy.
 x - the ring of Yschidar {rPois rC++ rCorr}
   (You took it off an efreet on level 11 of the Dungeon)

   [ring of resist corrosion]

   rC++:      It greatly protects you from cold.
   rPois:     It protects you from poison rCorr: It protects you from acid and
   corrosion.
 E - the ring "Titiat" (left hand) {rF+ rN+ Str+6 SInv}
   (You bought it in a shop on level 2 of the Orcish Mines)

   [ring of strength]

   Str+6:     It affects your strength (+6).
   rF+:       It protects you from fire.
   rN+:       It protects you from negative energy.
   SInv:      It lets you see invisible.
 I - an amulet of magic regeneration
 O - a +6 ring of dexterity
 R - a +6 ring of strength
Wands
 h - a wand of polymorph (2)
Scrolls
 a - 2 scrolls of fear
 f - 2 scrolls of enchant weapon
 k - 4 scrolls of immolation
 l - 4 scrolls of blinking
 q - 9 scrolls of teleportation
 r - 6 scrolls of poison
 s - 6 scrolls of fog
 B - 2 scrolls of amnesia
 C - 5 scrolls of identify
 D - 2 scrolls of silence
 H - 3 scrolls of vulnerability
 J - a scroll of revelation
 L - 7 scrolls of noise
 P - 2 scrolls of brand weapon
 T - 4 scrolls of enchant armour
 Z - 4 scrolls of butterflies
Potions
 b - a potion of berserk rage
 d - 6 potions of brilliance
 e - 6 potions of mutation
 i - 5 potions of haste
 u - 3 potions of invisibility
 z - 5 potions of resistance
 A - 2 potions of heal wounds
 F - 10 potions of curing
 M - a potion of attraction
 Q - 2 potions of lignification
 W - 2 potions of ambrosia
 X - 2 potions of enlightenment
Miscellaneous
 U - a phantom mirror


   Skills:
 + Level 18.3 Fighting
 - Level 13.6(14.9) Axes
 - Level 8.5(12.1) Maces & Flails
 + Level 4.7(10.0) Polearms
 + Level 2.7 Ranged Weapons
 + Level 0.4 Throwing
 + Level 17.5 Armour
 + Level 13.8 Dodging
 + Level 9.6 Stealth
 + Level 13.9 Shields
 + Level 3.0 Unarmed Combat


You had 16 spell levels left.
You didn't know any spells.
Your spell library contained the following spells:

 Spells                   Type           Power      Damage    Failure   Level
 Fugue of the Fallen      Necr           0%         N/A       95%         3
 Ozocubu's Armour         Ice            0%         N/A       95%         3
 Manifold Assault         Tloc           0%         N/A       100%        4


Dungeon Overview and Level Annotations

Branches:
Dungeon (15/15)            Temple (0/1) D:6            Lair (5/5) D:8
  Swamp (0/4) Lair:2        Snake (0/4) Lair:2        Slime (0/5) Lair:4
    Orc (2/2) D:12         Vaults (2/5) D:13         Depths (0/4) D:15
  Sewer (visited)
    Elf: Orc:2        Crypt: Vaults:2-3

Altars:
Hepliaklqana
Okawaru
Ru
Trog
Vehumet
Wu Jian
The Shining One

Shops:
D:6 !([*   D:7 *(*   D:14 ?   Orc:2 *([=

Portals:
Trove: D:13 (show abyssal rune of Zot)


Innate Abilities, Weirdness & Mutations

You have a pair of horns on your head.
You reflexively headbutt those who attack you in melee.


Message History

Things that are here:
a +0 troll leather armour; a deep troll corpse You thrash the enormous slime creature!!
Your headbutt misses the enormous slime creature.
The enormous slime creature is lightly wounded.
You whack the enormous slime creature!
The enormous slime creature looks as sick as possible!
The enormous slime creature is lightly wounded.
You hit the enormous slime creature.
The enormous slime creature looks as sick as possible!
You headbutt the enormous slime creature.
The enormous slime creature is moderately wounded.
You whack the enormous slime creature!
The enormous slime creature looks as sick as possible!
The enormous slime creature is moderately wounded.
An ironbound thunderhulk comes into view.
It is wielding a +0 heavy dire flail.
You whack the enormous slime creature!
The enormous slime creature looks as sick as possible!
You headbutt the enormous slime creature!
The enormous slime creature is heavily wounded.
You whack the enormous slime creature!
You headbutt the enormous slime creature.
The enormous slime creature is heavily wounded.
The enormous slime creature completely misses you.
You thrash the enormous slime creature!!
The enormous slime creature looks as sick as possible!
The enormous slime creature is severely wounded.
A yaktaur comes into view.
You barely miss the enormous slime creature.
You headbutt the enormous slime creature!
The enormous slime creature is severely wounded.
A brown ugly thing comes into view.
You whack the enormous slime creature!
You headbutt the enormous slime creature!!
The enormous slime creature is almost dead.
The enormous slime creature hits you!!!
* * * LOW HITPOINT WARNING * * *
Electricity crackles from the ironbound thunderhulk's apparatus.
The bolt of lightning hits you!!
You die...

#......#
####### ##
#..>...# .
#......#
#u
#..^...#
#### #O
##+#####
#... #.Y
#..!# #...
#Yc# #.).#
#...
#cYJ##)###
#..#
###@[#.#
#.##
#.+.)####
# #.
#'###+..#
#.## #..
#.#..#
#..# #.
###..#
#... ##
#### #...
#... ####


You could see 3 dire elephants, an ironbound thunderhulk, 2 yaktaur captains, a
brown ugly thing and an enormous slime creature (extremely poisoned).

Vanquished Creatures
  5 vault wardens
  5 ironbound preservers
  2 stone giants
  2 formless jellyfish
  7 ironbound thunderhulks
  9 dire elephants
  3 ettins (Orc:2)
  A fire dragon (D:13)
  A great orb of eyes (Vaults:1)
  2 entropy weavers
  5 yaktaur captains (Vaults:1)
  10 hydras
  2 vault guards
  A catoblepas (Lair:1)
  3 ironbound frosthearts
  A dancing weapon (D:13)
  11 centaur warriors
  9 boulder beetles
  4 two-headed ogres
  7 death yaks
  An orc high priest (Orc:1)
  2 skysharks
  The ghost of lasso the Destroyer, a novice GnCj of Gozag (D:6)
  2 arcanists (Vaults:2)
  15 deep trolls
  A bog body (D:12)
  7 ironbound convokers
  2 deep elf pyromancers
  14 lindwurms
  A phantasmal warrior (Vaults:1)
  2 orc sorcerers
  8 orc knights
  5 manticores
  10 cyclopes
  12 ugly things
  A salamander (Lair:2)
  11 elephants
  5 black mambas
  A kobold blastminer (Orc:2)
  8 vault sentinels
  A torpor snail (Lair:5)
  A gargoyle (D:11)
  4 unseen horrors
  10 cane toads
  4 kobold demonologists
  18 yaktaurs
  5 tengu conjurers
  5 komodo dragons
  6 rime drakes
  Psyche (D:8)
  An anaconda simulacrum (D:12)
  An efreet (D:11)
  2 ice devils (D:12)
  10 trolls
  5 polar bears
  18 blink frogs
  2 hornets
  A tarantella (Vaults:1)
  3 dream sheep (Lair:5)
  17 slime creatures
  A wyvern (shapeshifter) (D:11)
  A spriggan (shapeshifter) (D:15)
  A vampire (D:11)
  2 shadows
  4 jumping spiders
  4 wraiths
  6 wyverns
  3 basilisks
  A dire elephant simulacrum (D:12)
  60 yaks
  2 humans (D:10)
  3 steam dragons
  2 redbacks
  Grum (D:9)
  5 wargs
  2 vampire mosquitoes (D:12)
  3 swamp worms (Lair:2)
  An acid dragon (D:9)
  10 water moccasins
  4 sky beasts
  27 orc warriors
  A crocodile (shapeshifter) (D:15)
  An ogre (Orc:1)
  5 boggarts (D:14)
  27 wolves
  10 centaurs
  2 phantoms
  5 kobold brigands
  2 gnoll sergeants
  8 bullfrogs
  2 scorpions (D:6)
  4 wights (D:6)
  5 killer bees
  2 electric eels (Lair:2)
  8 howler monkeys
  5 lava snakes
  4 quasits (D:6)
  A hound (D:6)
  4 jellies
  14 orc priests
  6 hell rats
  11 orc wizards
  3 iguanas
  A wolf simulacrum (D:12)
  23 gnolls
  6 adders
  2 naga simulacra (D:12)
  3 river rats (Sewer)
  2 white imps
  4 dart slugs
  A ribbon worm (D:3)
  72 orcs
  A bat (D:2)
  5 endoplasms
  4 giant cockroaches
  6 goblins
  7 hobgoblins
  5 jackals (D:2)
  3 quokkas (D:1)
  6 ball pythons
  4 frilled lizards
  47 kobolds
  19 rats
808 creatures vanquished.

Vanquished Creatures (collateral kills)
  2 centaur warriors (Vaults:1)
  3 cyclopes (Orc:2)
  An orc wizard (Orc:2)
  An orc (Orc:2)
7 creatures vanquished.

Vanquished Creatures (others)
  A vault warden (Vaults:1)
  A troll (shapeshifter) (D:11)
2 creatures vanquished.

Grand Total: 817 creatures vanquished

Notes
Turn   | Place    | Note
-------+----------+-------------------------------------------
     0 | D:1      | Smegmus the Minotaur Berserker began the quest for the Orb.
     0 | D:1      | Reached XP level 1. HP: 19/19 MP: 0/0
   178 | D:1      | Reached XP level 2. HP: 27/27 MP: 1/1
   529 | D:1      | Reached skill level 4 in Fighting
  1139 | D:2      | Reached ** piety under Trog
  1140 | D:2      | Reached XP level 3. HP: 33/33 MP: 2/2
  1319 | D:2      | Reached skill level 1 in Ranged Weapons
  1346 | D:2      | Reached XP level 4. HP: 10/40 MP: 3/3
  2656 | D:3      | Found the +7 Kryia's mail coat {PotionHeal*2 rC+}
  2859 | D:4      | Reached XP level 5. HP: 47/47 MP: 4/4
  3112 | D:4      | Found a hazy altar of Hepliaklqana.
  3124 | D:4      | Found a radiant altar of Vehumet.
  3842 | D:4      | Reached *** piety under Trog
  3960 | D:4      | Reached skill level 1 in Axes
  4032 | D:4      | Reached skill level 1 in Shields
  4082 | D:4      | Reached XP level 6. HP: 41/55 MP: 5/5
  4140 | D:4      | Reached skill level 5 in Fighting
  4141 | D:4      | Reached **** piety under Trog
  4292 | D:5      | Entered Level 5 of the Dungeon
  4400 | D:5      | Reached XP level 7. HP: 61/61 MP: 6/6
  4530 | D:5      | Found a glowing drain.
  4558 | Sewer    | Entered a sewer
  4629 | Sewer    | Reached skill level 5 in Axes
  4948 | D:6      | Found Obaejoh's Assorted Antiques.
  4998 | D:6      | Found a staircase to the Ecumenical Temple.
  4998 | D:6      | Found Yqiull's Armour Shoppe.
  5019 | D:6      | Found a transporter.
  5057 | D:6      | Noticed lasso's ghost (novice GnCj)
  5086 | D:6      | Found Byskouz's Distillery.
  5094 | D:6      | Reached XP level 8. HP: 58/69 MP: 7/7
  5260 | D:6      | Bought a potion of curing for 33 gold pieces
  5313 | D:6      | Reached skill level 1 in Stealth
  5319 | D:6      | Found Enadif's Weapon Shop.
  5345 | D:6      | Reached skill level 6 in Fighting
  5498 | D:6      | Found a transporter.
  5537 | D:6      | Reached skill level 5 in Armour
  5761 | D:6      | Killed lasso's ghost
  5762 | D:6      | Reached skill level 5 in Dodging
  5762 | D:6      | Reached XP level 9. HP: 69/78 MP: 8/8
  6062 | D:7      | Reached skill level 7 in Fighting
  6091 | D:7      | Found Variuni's Weapon Emporium.
  6192 | D:7      | Found an ornate altar of the Wu Jian Council.
  6293 | D:7      | Found Piluoz's General Store.
  6359 | D:7      | Reached skill level 10 in Axes
  6659 | D:7      | Found Lemi's General Store.
  6662 | D:7      | Bought a scroll of identify for 30 gold pieces
  6662 | D:7      | Bought a scroll of identify for 30 gold pieces
  6662 | D:7      | Bought a potion of heal wounds for 75 gold pieces
  6780 | D:8      | Noticed Psyche
  6799 | D:8      | Killed Psyche
  6925 | D:8      | Reached XP level 10. HP: 86/86 MP: 9/9
  7274 | D:8      | Reached skill level 5 in Shields
  7315 | D:8      | Found a staircase to the Lair.
  7596 | Lair:1   | Entered Level 1 of the Lair of Beasts
  7818 | Lair:1   | Noticed a catoblepas
  7836 | Lair:1   | Killed a catoblepas
  8124 | Lair:1   | Reached skill level 8 in Fighting
  8353 | Lair:1   | Found a runed translucent door.
  8353 | Lair:1   | Found the +8 whip "Snakebite" {venom, curare, rPois}
  8368 | Lair:1   | Found a runed translucent gate.
  8376 | Lair:1   | Reached XP level 11. HP: 62/95 MP: 10/10
  8386 | Lair:1   | Noticed a boulder beetle
  8387 | Lair:1   | Found a runed translucent gate.
  8391 | Lair:1   | Found a runed translucent gate.
  8391 | Lair:1   | Found a runed translucent gate.
  8391 | Lair:1   | Found a runed translucent gate.
  8391 | Lair:1   | Noticed a lindwurm
  8393 | Lair:1   | Found a runed translucent gate.
  8497 | Lair:1   | Killed a boulder beetle
  8599 | Lair:1   | Killed a lindwurm
  8611 | Lair:1   | Reached ***** piety under Trog
  8615 | Lair:1   | Identified the ring of Viab Vit {Fly rC+ Dex+4}
  8710 | Lair:2   | Reached skill level 9 in Fighting
  8730 | Lair:2   | Reached skill level 10 in Armour
  8810 | Lair:2   | Reached skill level 10 in Fighting
  8996 | Lair:2   | Noticed a skyshark
  9012 | Lair:2   | Killed a skyshark
  9174 | Lair:2   | Found a staircase to the Snake Pit.
  9304 | Lair:2   | Noticed a four-headed hydra
  9333 | Lair:2   | Killed a 20-headed hydra
  9479 | Lair:2   | Reached XP level 12. HP: 101/108 MP: 11/11
  9487 | Lair:2   | Reached skill level 11 in Fighting
  9699 | Lair:2   | Found a staircase to the Swamp.
  9802 | Lair:2   | Identified the +1 pair of gloves "Wayca" {*Slow +Inv rF++
                  | Dex+3}
  9880 | Lair:3   | Reached skill level 1 in Maces & Flails
  9881 | Lair:3   | Identified the +12 halberd "Adey" {antimagic, rPois rF+
                  | Dex+3} (Trog gifted it to you on level 3 of the Lair of
                  | Beasts)
  9881 | Lair:3   | Received a gift from Trog
 10443 | Lair:3   | Reached skill level 5 in Maces & Flails
 10725 | Lair:3   | Noticed an eight-headed hydra
 10734 | Lair:3   | Killed an eight-headed hydra
 11313 | Lair:4   | Found a staircase to the Slime Pits.
 11873 | Lair:5   | Entered Level 5 of the Lair of Beasts
 11890 | Lair:5   | Noticed a seven-headed hydra
 11907 | Lair:5   | Killed a seven-headed hydra
 11910 | Lair:5   | Reached skill level 12 in Fighting
 11918 | Lair:5   | Reached XP level 13. HP: 57/118 MP: 12/12
 12697 | Lair:5   | Found an ornate altar of the Wu Jian Council.
 13236 | Lair:5   | Reached skill level 13 in Fighting
 13455 | Lair:5   | Received a gift from Trog
 13456 | Lair:5   | Found the +1 cloak of Starlight {*Dazzle EV+4 Stlth--}
 14222 | D:9      | Found a glowing golden altar of the Shining One.
 14267 | D:9      | Reached skill level 10 in Dodging
 14376 | D:9      | Noticed Grum
 14385 | D:9      | Killed Grum
 14520 | D:9      | Found a bloodstained altar of Trog.
 14583 | D:9      | Found a sacrificial altar of Ru.
 14787 | D:9      | Reached XP level 14. HP: 129/129 MP: 13/13
 15073 | D:10     | Entered Level 10 of the Dungeon
 16348 | D:10     | Found an iron altar of Okawaru.
 16525 | D:11     | Identified the +2 morningstar "Fydapeom" {flame, rC++}
                  | (Trog gifted it to you on level 11 of the Dungeon)
 16525 | D:11     | Received a gift from Trog
 16526 | D:11     | Reached skill level 10 in Shields
 17187 | D:11     | Reached skill level 14 in Fighting
 17409 | D:11     | Identified the ring of Yschidar {rPois rC++ rCorr}
 17409 | D:11     | Identified the ring "Yreful" {rF+ Slay+4 SInv Stlth+}
 17437 | D:11     | Identified the ring of Patedwipak {rC+ Dex+3}
 17437 | D:11     | Identified the ring "Fahy" {Wiz ^Drain rPois Int+3 SInv}
 17839 | D:12     | Identified the +1 double sword "Xaonkupt" {freeze, Fly
                  | Str+2}
 17891 | D:12     | Found a staircase to the Orcish Mines.
 18014 | D:12     | Reached skill level 5 in Stealth
 18214 | D:12     | Received a gift from Trog
 18852 | D:13     | Reached skill level 15 in Armour
 18969 | D:13     | Found a portal to a secret trove of treasure.
 19169 | D:13     | Found a gate to the Vaults.
 19544 | D:13     | Reached skill level 15 in Fighting
 19906 | D:13     | Reached XP level 15. HP: 141/141 MP: 14/14
 19936 | D:14     | Reached XP level 16. HP: 149/149 MP: 15/15
 20443 | D:14     | Found The Oracle's Delphic Readings.
 20758 | D:15     | Entered Level 15 of the Dungeon
 20764 | D:15     | Found a bloodstained altar of Trog.
 21396 | D:15     | Found a staircase to the Depths.
 22014 | Orc:1    | Entered Level 1 of the Orcish Mines
 22161 | Orc:1    | You fall into a shaft and drop 1 floor!
 22161 | Orc:2    | Entered Level 2 of the Orcish Mines
 22162 | Orc:2    | Found Caviuduo's Antique Armour Shoppe.
 22474 | Orc:2    | Found Dutraiz's Antique Weapon Shoppe.
 22545 | Orc:2    | Found Taadeuso's General Store.
 22570 | Orc:2    | Reached skill level 16 in Fighting
 22778 | Orc:2    | Paralysed by an orc sorcerer for 5 turns
 22949 | Orc:2    | Found Puveric's Jewellery Boutique.
 22964 | Orc:2    | Bought the ring "Titiat" {rF+ rN+ Str+6 SInv} for 700 gold
                  | pieces
 23006 | Orc:2    | Reached ****** piety under Trog
 23209 | Orc:1    | Received a gift from Trog
 26170 | Vaults:1 | Entered Level 1 of the Vaults
 26708 | Vaults:1 | Received a gift from Trog
 26825 | Vaults:1 | HP: 2/228 [disintegration (39)]
 27550 | Vaults:1 | Reached skill level 1 in Unarmed Combat
 27589 | Vaults:1 | Reached XP level 17. HP: 35/160 MP: 16/16
 27592 | Vaults:1 | Reached skill level 17 in Fighting
 29871 | Vaults:2 | Received a gift from Trog
 29993 | Vaults:2 | Identified the +8 scimitar of the Vulture {flame, MP+9}
 30363 | Vaults:2 | Reached skill level 18 in Fighting
 30601 | Vaults:2 | Identified the +9 arbalest "Doorch" {elec, Str+4}
 30763 | Vaults:2 | Killed from afar by an ironbound thunderhulk

Illustrated notes

Levels and vault maps discovered:
D:1:      matt_arrival_diagonals, layout_basic
D:2:      layout_loops_ring
D:3:      layout_basic, corexii_hall_statues_t, kennysheep_generic_room_10
D:4:      minmay_goblin_kobold_castle, layout_basic,
          mainiacjoe_overflow_large_starburst
D:5:      layout_rooms, portal_sewer_entry_a
D:6:      layout_cave_pools, temple_statues, gammafunk_ghost_stat_death,
          serial_shops, nicolae_diamond_shop, shop, shop, shop
D:7:      layout_loops_ring, lemuel_tele_altar, serial_shops,
          nicolae_shop_behind_doors, shop, shop
D:8:      layout_basic, lair_entry_dummy, uniq_psyche
D:9:      layout_roguey, nicolae_ru_sacrificial_ziggurat,
          mainiacjoe_overflow_cross_hatched, mainiacjoe_overflow_alcove_2,
          minmay_quadrilaterals, uniq_grum
D:10:     layout_grid_maze, okawaru_humans
D:11:     minmay_the_grid_triangle_9x9_recursive_2
          [minmay_the_grid_triangle_9x9_prize_special,
          minmay_the_grid_triangle_9x9_sparse_checkered,
          minmay_the_grid_triangle_9x9_zippers_vertical,
          minmay_the_grid_triangle_9x9_pentomino_pain], layout_loops_corners
D:12:     dreamdust_isle_of_ice, layout_basic, orc_0_dummy, nrook_mini_vaults
D:13:     minmay_wavy_crystal, layout_cross, erik_vaults_1,
          nicolae_trove_entry_columns, minivault_11
D:14:     layout_cave_pools, hangedman_decor_opposing,
          nicolae_nh_oracle_at_delphi
D:15:     grunt_enter_depths_giant_problem, layout_basic,
          trog_three_pillars_becter, hangedman_abyss_or_decor_jellyfish_corner,
          drop_trap
Lair:1:   gammafunk_indiana_jones, layout_loops_ring
Lair:2:   layout_loops_ring, minmay_swamp_entry_worms,
          nicolae_snake_entry_warm_welcome, serial_bayou_shore_a,
          infiniplex_staircase_pool
Lair:3:   layout_loops_ring, serial_bayou_pond_d
Lair:4:   layout_small_grid, minmay_slime_entry_pillars
Lair:5:   hangedman_lair_in_review, layout_gridlike, basic_altar,
          grunt_megastairs_3
Orc:1:    layout_diamond_mine
Orc:2:    grunt_orc_gardens, layout_caves, grunt_orc_garden, grunt_orc_garden,
          grunt_orc_garden, grunt_orc_garden, basic_altar, nicolae_orc_minecarts
Vaults:1: hangedman_vaults_stagger, nicolae_vaults_arrows, grunt_vaults_bifocal,
          grunt_vaults_diagonal, hangedman_vaults_trim, ontoclasm_vaults_eye,
          vaults_room_door_hall, hangedman_vaults_hat, grunt_vaults_focal,
          v_misc_13, nicolae_vaults_circle_grid_b, vaults_dpeg_ring,
          vaults_room_semicircle, ontoclasm_vaults_ring_small,
          layout_vaults_omnibox
Vaults:2: nicolae_vaults_prndl, nicolae_vaults_corpse_flower,
          hangedman_vaults_cutoff, ontoclasm_vaults_idyll,
          nicolae_vaults_layer_cake_slice, v_misc_11,
          vaults_standard_mumra_enter_the_diamond, nicolae_vaults_double_plus_3,
          v_misc_12, vaults_dpeg_spiral, nicolae_vaults_little_squares_3,
          nicolae_vaults_yaktaur_gun_rack, nicolae_vaults_more_shelving_1,
          nicolae_vaults_little_squares_4, nicolae_vaults_asterisk,
          layout_vaults_maze_bifur

Skill      XL: |  1  2  3  4  5  6  7  8  9 10 11 12 13 14 15 16 17 |
---------------+----------------------------------------------------+-----
Polearms       | 4 |  4.7
Fighting       | 4 5 6 7 8 10 12 13 15 16 18 | 18.3
Ranged Weapons | 1 2 |  2.7
Dodging        | 3 4 5 6 7 8 10 11 13 | 13.8
Armour         | 3 4 5 7 9 11 12 14 15 16 17 | 17.5
Axes           | 2 3 6 9 10 12 13 | 13.6
Shields        | 1 2 4 5 7 8 9 11 13 | 13.9
Stealth        | 1 2 3 6 8 9 |  9.6
Maces & Flails | 7 8 |  8.5
Unarmed Combat | 1 3 |  3.0
Throwing       | |  0.4

Action                     |  1- 3 |  4- 6 |  7- 9 | 10-12 | 13-15 | 16-18 || total
---------------------------+-------+-------+-------+-------+-------+-------++-------
  Melee: Spear             |    59 |    42 |       |       |       |       ||   101
         Headbutt          |     5 |    21 |    36 |   158 |   239 |   309 ||   768
         Punch             |     2 |       |     4 |     7 |    18 |    26 ||    57
         Sling             |     1 |       |       |       |       |       ||     1
         Hand axe          |       |   114 |   209 |   361 |       |       ||   684
         Whip              |       |       |       |   214 |   759 |   935 ||  1908
         Unarmed           |       |       |       |       |       |    14 ||    14
   Fire: Sling             |    28 |       |       |       |       |       ||    28
  Throw: Dart              |     1 |       |       |       |       |       ||     1
 Invoke: Berserk           |     1 |     6 |     3 |     9 |     4 |    10 ||    33
         Trog's Hand       |       |       |       |     1 |       |     2 ||     3
         Brothers in Arms  |       |       |       |       |       |     2 ||     2
    Use: Scroll            |     4 |    12 |     9 |     3 |     5 |     1 ||    34
         Potion            |     1 |       |       |     3 |     1 |     7 ||    12
   Stab: Sleeping          |       |       |       |     1 |       |     2 ||     3
         Invisible         |       |       |       |       |    19 |    28 ||    47
         Distracted        |       |       |       |       |     1 |       ||     1
 Armour: Animal skin       |    35 |     5 |       |       |       |       ||    40
         Ring mail         |       |     8 |       |       |       |       ||     8
         Scale mail        |       |    73 |   134 |   348 |   317 |   339 ||  1211
         Skin              |       |       |       |       |       |     8 ||     8
  Dodge: Dodged            |    35 |   106 |    98 |   336 |   457 |   558 ||  1590
         Repelled          |       |     2 |       |     7 |       |       ||     9
  Block: Other             |     4 |    44 |    34 |    85 |   117 |   127 ||   411
         Reflection        |     1 |     3 |     1 |     3 |     7 |    13 ||    28
